[Event "World Senior chT-65 2019"]
[Site "Rhodes"]
[Date "2019.04.22"]
[Round "7.34"]
[White "Staechelin, Ruedi"]
[Black "Uddenfeldt, Dan"]
[Result "0-1"]
[ECO "B07"]
[WhiteElo "2053"]
[BlackElo "2339"]
[Annotator "NA"]
[PlyCount "96"]
[EventDate "2019.04.16"]
[EventType "team-tourn"]
[EventCountry "GRE"]
[SourceTitle "playchess.com"]
[Source "ChessBase"]
[SourceQuality "1"]
[WhiteTeam "Switzerland"]
[BlackTeam "Sweden"]
[WhiteTeamCountry "SUI"]
[BlackTeamCountry "SWE"]
[TimeControl "40/5400+30:1800+30"]

1. e4 d6 2. d4 g6 3. Nc3 Bg7 4. Be3 Nf6 5. h3 a6 6. f4 O-O 7. Be2 Nbd7 8. e5 Ne8 9. Ne4 (9. Nf3 $14) 9... c5 10. c3 Nc7 11. Qd2 cxd4 12. cxd4 $11 Nd5 13. Bf2 Bh6 14. g3 dxe5 15. dxe5 Nxe5 16. Rd1 Bf5 17. Nc5 e6 18. Nf3 Nc6 19. Nh4 b6 20. Nxf5 gxf5 21. Nb3 Qf6 22. Nd4 Nce7 23. Bf3 e5 24. Bxd5 Nxd5 25. Ne2 Rfd8 26. Qc2 exf4 27. gxf4 Nxf4 28. Nxf4 Bxf4 29. O-O Kh8 30. Rxd8+ Rxd8 31. Rd1 Rg8+ 32. Kf1 Be5 33. b3 Qe6 34. Qe2 f6 35. Qf3 f4 36. Re1 b5 37. Rd1 Qf5 38. Re1 h5 39. Rd1 Rc8 40. Qd3 Qxd3+ 41. Rxd3 Kg7 42. Kg2 Kg6 43. Kf3 Kf5 44. a4 Rc2 45. axb5 axb5 46. Bg1 Rc1 47. Bf2 Rh1 48. Kg2 Ke4 0-1

[Event "World Senior chT-65 2019"]
[Site "Rhodes"]
[Date "2019.04.22"]
[Round "7.35"]
[White "Hammar, Bengt"]
[Black "Kradolfer, Georg"]
[Result "1-0"]
[ECO "B18"]
[WhiteElo "2206"]
[BlackElo "2048"]
[Annotator "NA"]
[PlyCount "125"]
[EventDate "2019.04.16"]
[EventType "team-tourn"]
[EventCountry "GRE"]
[SourceTitle "playchess.com"]
[Source "ChessBase"]
[SourceQuality "1"]
[WhiteTeam "Sweden"]
[BlackTeam "Switzerland"]
[WhiteTeamCountry "SWE"]
[BlackTeamCountry "SUI"]
[TimeControl "40/5400+30:1800+30"]

1. e4 c6 2. d4 d5 3. Nc3 dxe4 4. Nxe4 Bf5 5. Ng3 Bg6 6. N1e2 Nf6 7. h4 h6 8. Nf4 Bh7 9. c3 e6 10. Bc4 Bd6 11. Ngh5 O-O 12. O-O Nxh5 13. Qxh5 Qf6 14. g3 Nd7 15. Bd3 Bxf4 16. Bxh7+ Kxh7 17. Bxf4 Qg6 18. Qe2 Nf6 19. Rad1 Rad8 20. Bc1 Rd5 21. Qf3 Rfd8 22. Rfe1 Qg4 23. Qxg4 Nxg4 24. f3 Nf6 25. Be3 b5 26. Ra1 R5d7 27. a4 Nd5 28. Bd2 Nb6 29. axb5 cxb5 30. Bc1 Na4 31. Kf2 Kg6 32. Re3 Nb6 33. Re5 Nd5 34. h5+ Kf6 35. g4 Ke7 36. Bd2 Rc8 37. Ra5 b4 38. Rc5 Rxc5 39. dxc5 bxc3 40. bxc3 f6 41. Re2 Rb7 42. Re4 Rb2 43. Ke1 Ra2 44. c4 Nc7 45. Rd4 e5 46. Re4 Kd7 47. f4 exf4 48. Bxf4 Ne6 49. c6+ Kxc6 50. Rxe6+ Kc5 51. Re7 Kxc4 52. Rxg7 a5 53. Bxh6 a4 54. Bd2 Kd3 55. Rd7+ Ke4 56. Ke2 Ra1 57. Re7+ Kd5 58. Ra7 a3 59. Bc3 Ra2+ 60. Kf3 Ke6 61. Ra6+ Kf7 62. Rxf6+ Kg8 63. Ra6 1-0

[Event "World Senior chT-65 2019"]
[Site "Rhodes"]
[Date "2019.04.22"]
[Round "7.36"]
[White "Illi, Hans-Joerg"]
[Black "Hedin, Gunnar"]
[Result "1-0"]
[ECO "C01"]
[WhiteElo "2002"]
[BlackElo "2195"]
[Annotator "NA"]
[PlyCount "129"]
[EventDate "2019.04.16"]
[EventType "team-tourn"]
[EventCountry "GRE"]
[SourceTitle "playchess.com"]
[Source "ChessBase"]
[SourceQuality "1"]
[WhiteTeam "Switzerland"]
[BlackTeam "Sweden"]
[WhiteTeamCountry "SUI"]
[BlackTeamCountry "SWE"]
[TimeControl "40/5400+30:1800+30"]

1. d4 e6 2. e4 d5 3. exd5 exd5 4. Nf3 Nf6 5. Bd3 Be7 6. O-O Bg4 7. h3 Bh5 8. Re1 O-O $14 9. c3 Nc6 10. Bf4 Bd6 11. Bxd6 Qxd6 12. Nbd2 Rfe8 13. Qc2 Bg6 14. Bxg6 hxg6 15. Kf1 a5 16. a4 b6 17. Rad1 Kf8 18. Qd3 Rxe1+ 19. Rxe1 Re8 20. Rxe8+ Kxe8 21. Qe3+ Qe7 22. Ke2 Nd7 23. Ne1 Qxe3+ 24. Kxe3 Ke7 25. Nd3 f6 26. Nf4 Kd6 27. Nxg6 Nd8 28. h4 Nf7 29. g4 c6 30. Nf1 Ke6 31. Ng3 Nd6 32. Nf4+ Kf7 33. Kd3 g5 34. Ng2 gxh4 35. Nxh4 c5 36. Nhf5 Ke6 37. Nxd6 Kxd6 38. Nf5+ Ke6 39. Ne3 cxd4 40. cxd4 Nb8 41. f4 Nc6 42. Nc2 Ne7 43. b4 axb4 44. Nxb4 Ng8 45. Ke3 Nh6 46. Kf3 Nf7 47. Kg3 Nd8 48. Kh4 Nb7 49. Kh5 Nd6 50. f5+ Nxf5 51. gxf5+ Kxf5 52. Nxd5 Ke4 53. Nxb6 Kxd4 54. a5 Kc5 55. Nc4 Kb5 56. Kg4 Ka6 57. Kf5 Ka7 58. Kxf6 Kb7 59. Ke6 Ka7 60. Kd6 Kb7 61. Kc5 Ka6 62. Kb4 Ka7 63. Kb5 Kb7 64. Nd6+ Ka7 65. a6 1-0

[Event "World Senior chT-65 2019"]
[Site "Rhodes"]
[Date "2019.04.22"]
[Round "7.37"]
[White "Jones, Iolo C"]
[Black "Scrimgour, Alan"]
[Result "1/2-1/2"]
[ECO "E15"]
[WhiteElo "2187"]
[BlackElo "2087"]
[Annotator "NA"]
[PlyCount "125"]
[EventDate "2019.04.16"]
[EventType "team-tourn"]
[EventCountry "GRE"]
[SourceTitle "playchess.com"]
[Source "ChessBase"]
[SourceQuality "1"]
[WhiteTeam "Wales"]
[BlackTeam "Scotland"]
[WhiteTeamCountry "WLS"]
[BlackTeamCountry "SCO"]
[TimeControl "40/5400+30:1800+30"]

1. d4 Nf6 2. Nf3 e6 3. c4 b6 4. g3 Bb4+ 5. Nbd2 Ba6 6. Qc2 O-O 7. Bg2 Bb7 8. O-O c5 9. Nb3 Be4 10. Qd1 cxd4 11. a3 Be7 12. Nfxd4 Bxg2 13. Kxg2 d5 14. cxd5 Qxd5+ 15. Nf3 Na6 16. Qxd5 Nxd5 17. Bd2 Nf6 18. Rac1 Ne4 19. Be3 Rfc8 20. Rxc8+ Rxc8 21. Rc1 Rxc1 22. Bxc1 Bf6 23. Nfd4 Nac5 24. f3 Nxb3 25. Nxb3 Nd6 26. Nd2 b5 27. b3 Kf8 28. e4 Ke8 29. Kf1 Kd7 30. Ke2 h5 31. Kd3 g6 32. f4 Bd8 33. Nf3 a6 34. Ne5+ Kc7 35. Bd2 Bf6 36. Ba5+ Kc8 37. Nf3 Bb2 38. Bb4 Kd7 39. Kc2 Ba1 40. Bxd6 Kxd6 41. e5+ Kd5 42. Kd3 f6 43. exf6 Bxf6 44. Nd2 e5 45. Ne4 Be7 46. a4 bxa4 47. bxa4 exf4 48. gxf4 Bd8 49. Ng3 Bc7 50. Ne2 Bb8 51. h3 Bc7 52. Nc3+ Kc5 53. Ke4 Kc4 54. Nd5 Bd8 55. Ke5 a5 56. f5 gxf5 57. Ne3+ Kb4 58. Kxf5 Kxa4 59. Nc4 Kb4 60. Nxa5 Kxa5 61. h4 Bxh4 62. Kg6 Be1 63. Kxh5 1/2-1/2

[Event "World Senior chT-65 2019"]
[Site "Rhodes"]
[Date "2019.04.22"]
[Round "7.38"]
[White "White, Alastair F"]
[Black "Thornton, John D"]
[Result "1/2-1/2"]
[ECO "C00"]
[WhiteElo "2108"]
[BlackElo "2061"]
[Annotator "NA"]
[PlyCount "48"]
[EventDate "2019.04.16"]
[EventType "team-tourn"]
[EventCountry "GRE"]
[SourceTitle "playchess.com"]
[Source "ChessBase"]
[SourceQuality "1"]
[WhiteTeam "Scotland"]
[BlackTeam "Wales"]
[WhiteTeamCountry "SCO"]
[BlackTeamCountry "WLS"]
[TimeControl "40/5400+30:1800+30"]

1. e4 e6 2. b3 d5 3. Bb2 dxe4 4. Nc3 Nf6 5. Qe2 Nc6 6. Nxe4 Be7 7. Nf3 O-O 8. d4 Qd5 9. Nxf6+ Bxf6 10. Qd2 a5 11. Bc4 Qh5 12. Be2 Qd5 13. O-O e5 14. Bc4 Qd6 15. d5 e4 16. Bxf6 Qxf6 17. Ng5 Ne5 18. Nxe4 Qg6 19. Qe2 Bf5 20. f3 Nxf3+ 21. Rxf3 Bxe4 22. Rg3 Qb6+ 23. Qe3 Qxe3+ 24. Rxe3 Bxc2 1/2-1/2

[Event "World Senior chT-65 2019"]
[Site "Rhodes"]
[Date "2019.04.22"]
[Round "7.39"]
[White "Waterfield, John W"]
[Black "Bhopal, Raj"]
[Result "1/2-1/2"]
[ECO "B92"]
[WhiteElo "1928"]
[BlackElo "1900"]
[Annotator "NA"]
[PlyCount "227"]
[EventDate "2019.04.16"]
[EventType "team-tourn"]
[EventCountry "GRE"]
[SourceTitle "playchess.com"]
[Source "ChessBase"]
[SourceQuality "1"]
[WhiteTeam "Wales"]
[BlackTeam "Scotland"]
[WhiteTeamCountry "WLS"]
[BlackTeamCountry "SCO"]
[TimeControl "40/5400+30:1800+30"]

1. e4 c5 2. Nf3 d6 3. d4 cxd4 4. Nxd4 Nf6 5. Nc3 a6 6. Be2 e5 7. Nb3 Be7 8. Be3 O-O 9. g4 Be6 10. g5 Nfd7 11. h4 Nc5 12. Qd2 Nbd7 13. f4 exf4 14. Bxf4 Nxb3 15. axb3 Ne5 16. O-O-O b5 17. Kb1 Qc7 18. Nd5 Bxd5 19. Qxd5 Rac8 20. c3 Qc6 21. Qxc6 Rxc6 22. Bxe5 dxe5 23. Rd7 Bc5 24. Rh3 Bb6 25. Rhd3 Bf2 26. h5 Rcc8 27. R3d6 Ra8 28. g6 fxg6 29. hxg6 hxg6 30. Rxg6 Rf7 31. Rdd6 Rb8 32. b4 Bh4 33. Bg4 Rf1+ 34. Ka2 Bf6 35. Bf5 Kf8 36. Rxa6 Re1 37. Rgxf6+ gxf6 38. Rxf6+ Kg7 39. Re6 Re2 40. Rxe5 Rb7 41. Re6 Rh2 42. Rg6+ Kf8 43. Kb3 Rd2 44. Rh6 Kg8 45. e5 Rf2 46. Be4 Re7 47. Bd5+ Kg7 48. Rb6 Rxe5 49. Rxb5 Ree2 50. Rb7+ Kg6 51. Kc4 Rxb2 52. Kc5 Rf8 53. c4 Kf6 54. b5 Rc8+ 55. Kd6 Rd2 56. b6 Rxc4 57. Rf7+ Kg6 58. Rc7 Rb4 59. Rc6 Kf5 60. Kc5 Rdb2 61. Be6+ Ke5 62. Bc8 Rb5+ 63. Kc4 Rxb6 64. Rxb6 Rxb6 65. Bd7 Rd6 66. Bb5 Ke4 67. Kc3 Rd4 68. Bc6+ Ke3 69. Bb5 Rd2 70. Ba6 Rf2 71. Bb5 Rf5 72. Be8 Re5 73. Bf7 Rb5 74. Bg8 Rb1 75. Kc4 Rc1+ 76. Kd5 Rc8 77. Bh7 Rh8 78. Bb1 Rh6 79. Ke5 Rh1 80. Bg6 Rf1 81. Bh7 Rh1 82. Bg6 Rg1 83. Bh7 Rg5+ 84. Ke6 Kf4 85. Bb1 Rb5 86. Bc2 Rc5 87. Bb1 Rc3 88. Kd5 Rb3 89. Bh7 Rb4 90. Bg6 Kg5 91. Bh7 Kf6 92. Bd3 Ke7 93. Ke5 Ra4 94. Bh7 Kf7 95. Bb1 Ra1 96. Bc2 Rc1 97. Bb3+ Ke7 98. Bg8 Rd1 99. Bb3 Re1+ 100. Kd4 Kd6 101. Bg8 Rg1 102. Ba2 Rg4+ 103. Kd3 Ke5 104. Bf7 Rg3+ 105. Kc4 Rg7 106. Be8 Rg4+ 107. Kc5 Rg8 108. Bd7 Rg1 109. Bh3 Rc1+ 110. Kb5 Rc2 111. Bg4 Kd6 112. Bf3 Rc3 113. Bg2 Rg3 114. Bh1 {[%emt 0:00:40] Kd5 [%emt 00:00:16]} 1/2-1/2

[Event "World Senior chT-65 2019"]
[Site "Rhodes"]
[Date "2019.04.22"]
[Round "7.40"]
[White "Dawson, Alastair"]
[Black "Bevan, Peter M"]
[Result "0-1"]
[ECO "E17"]
[WhiteElo "1817"]
[BlackElo "1920"]
[Annotator "NA RC"]
[PlyCount "149"]
[EventDate "2019.04.16"]
[EventType "team-tourn"]
[EventCountry "GRE"]
[SourceTitle "playchess.com"]
[Source "ChessBase"]
[SourceQuality "1"]
[WhiteTeam "Scotland"]
[BlackTeam "Wales"]
[WhiteTeamCountry "SCO"]
[BlackTeamCountry "WLS"]
[TimeControl "40/5400+30:1800+30"]

1. d4 Nf6 2. Nf3 e6 3. g3 b6 4. Bg2 Bb7 5. O-O Be7 6. c4 O-O 7. d5 exd5 8. Nh4 Re8 9. Nf5 c6 10. Nxe7+ Qxe7 11. cxd5 Qxe2 12. Qxe2 Rxe2 13. Nc3 Re8 14. d6 Nd5 15. Nxd5 cxd5 16. b4 Na6 17. b5 Nc5 18. Rd1 Ne4 19. Bb2 Rac8 20. Bh3 Nxf2 21. Bxd7 Nxd1 22. Rxd1 Re2 23. Bxc8 Bxc8 24. Rc1 Bh3 25. Rc7 Rg2+ 26. Kf1 Rxb2+ 27. Ke1 Rxb5 28. Rxa7 h6 29. d7 Bxd7 30. Rxd7 Kf8 31. a4 Ra5 32. Rd6 Ke7 33. Rxb6 Rxa4 34. h3 Ra2 35. Kf1 Ra4 36. Kf2 Re4 37. Kf3 Re6 38. Rb7+ Kf6 39. Rb4 Ke5 40. Ke3 Ra6 41. Rb3 Rc6 42. Kd3 Rg6 43. Ke2 Kd4 44. g4 Kc4 45. Ra3 d4 46. Ra4+ Kc3 47. Ra3+ Kb4 48. Rd3 Kc4 49. Ra3 Re6+ 50. Kd2 Rb6 51. Ra2 Rf6 52. Ra4+ Kd5 53. Ra3 Rf2+ 54. Ke1 Rh2 55. Ra7 Rxh3 56. Rxf7 g5 57. Kd2 Ke4 58. Re7+ Kf4 59. Rd7 Kxg4 60. Rxd4+ Kf5 61. Rd8 Rf3 62. Rh8 Kg6 63. Ke2 Rf6 64. Rg8+ Kh5 65. Rg7 g4 66. Ra7 Kh4 67. Ra1 Kh3 68. Rh1+ Kg2 69. Rh4 Re6+ 70. Kd2 Kf3 71. Rh5 g3 72. Rf5+ Kg4 73. Rf8 g2 74. Rg8+ Kh3 75. Kd3 0-1

[Event "World Senior chT-65 2019"]
[Site "Rhodes"]
[Date "2019.04.22"]
[Round "7.41"]
[White "Harestad, Thor Geir"]
[Black "Morriss, Pete"]
[Result "1-0"]
[ECO "D34"]
[WhiteElo "2200"]
[BlackElo "1968"]
[Annotator "NA"]
[PlyCount "71"]
[EventDate "2019.04.16"]
[EventType "team-tourn"]
[EventCountry "GRE"]
[SourceTitle "playchess.com"]
[Source "ChessBase"]
[SourceQuality "1"]
[WhiteTeam "Norway"]
[BlackTeam "Ireland"]
[WhiteTeamCountry "NOR"]
[BlackTeamCountry "IRL"]
[TimeControl "40/5400+30:1800+30"]

1. c4 Nf6 2. g3 e6 3. Bg2 c5 4. Nf3 Be7 5. Nc3 Nc6 6. O-O O-O 7. d4 d5 8. cxd5 exd5 9. Bg5 cxd4 10. Nxd4 h6 11. Bf4 g5 12. Be3 Be6 13. Rc1 Ng4 14. Nxc6 bxc6 15. Bd2 Rc8 16. e4 d4 17. Na4 $11 c5 18. b3 Ne5 19. f4 Nd3 20. Rc2 f5 21. Qe2 Nb4 22. Rb2 g4 23. Bxb4 d3 24. Qd2 cxb4 25. e5 Qd4+ 26. Qf2 Rfd8 27. Rd1 Qd7 28. Rbd2 Rc2 29. Qe3 Rxd2 30. Rxd2 Bc4 31. bxc4 Qxa4 32. Bd5+ Kg7 33. Qxd3 Qa5 34. Qxf5 Bc5+ 35. Kh1 Qc7 36. Qf6+ 1-0

[Event "World Senior chT-65 2019"]
[Site "Rhodes"]
[Date "2019.04.22"]
[Round "7.42"]
[White "Carlile, Orison"]
[Black "Steedman, James"]
[Result "1/2-1/2"]
[ECO "B20"]
[WhiteElo "2037"]
[BlackElo "2127"]
[Annotator "NA"]
[PlyCount "51"]
[EventDate "2019.04.16"]
[EventType "team-tourn"]
[EventCountry "GRE"]
[SourceTitle "playchess.com"]
[Source "ChessBase"]
[SourceQuality "1"]
[WhiteTeam "Ireland"]
[BlackTeam "Norway"]
[WhiteTeamCountry "IRL"]
[BlackTeamCountry "NOR"]
[TimeControl "40/5400+30:1800+30"]

1. e4 c5 2. a3 g6 3. d4 cxd4 4. c3 dxc3 5. Nxc3 Bg7 6. Nf3 Nc6 7. Bc4 d6 8. Qb3 e6 9. Bf4 a6 10. Rd1 Na5 11. Qb4 Nxc4 12. Qxc4 Bd7 13. Bxd6 Ne7 14. O-O O-O 15. Qb4 Re8 16. Qxb7 Qc8 17. Qxc8 Raxc8 18. Be5 Bb5 19. Nxb5 axb5 20. Bxg7 Kxg7 21. Nd4 b4 22. axb4 Rc4 23. b5 e5 24. Nc6 Nxc6 25. bxc6 Rxc6 26. Rc1 1/2-1/2

[Event "World Senior chT-65 2019"]
[Site "Rhodes"]
[Date "2019.04.22"]
[Round "7.43"]
[White "Melkeraen, Terje"]
[Black "Murray, Jim G."]
[Result "0-1"]
[ECO "D94"]
[WhiteElo "2006"]
[BlackElo "1845"]
[Annotator "NA"]
[PlyCount "44"]
[EventDate "2019.04.16"]
[EventType "team-tourn"]
[EventCountry "GRE"]
[SourceTitle "playchess.com"]
[Source "ChessBase"]
[SourceQuality "1"]
[WhiteTeam "Norway"]
[BlackTeam "Ireland"]
[WhiteTeamCountry "NOR"]
[BlackTeamCountry "IRL"]
[TimeControl "40/5400+30:1800+30"]

1. d4 Nf6 2. c4 g6 3. Nc3 d5 4. cxd5 Nxd5 5. Nf3 Bg7 6. e3 O-O 7. Bc4 Nxc3 8. bxc3 c5 9. O-O Nc6 10. a4 Qc7 11. Ba3 b6 12. Qe2 Bb7 13. Rac1 Na5 14. dxc5 Nxc4 15. Qxc4 Rac8 16. Rfd1 bxc5 17. Rd2 Rfd8 18. Rcd1 Rxd2 19. Rxd2 e6 20. h3 Bd5 21. Qa6 Rb8 22. Rd1 Rb3 0-1

[Event "World Senior chT-65 2019"]
[Site "Rhodes"]
[Date "2019.04.22"]
[Round "7.44"]
[White "Lynch, Peter J."]
[Black "Bjorgvik, Jan Arne"]
[Result "0-1"]
[ECO "D26"]
[WhiteElo "1696"]
[BlackElo "1779"]
[Annotator "NA"]
[PlyCount "93"]
[EventDate "2019.04.16"]
[EventType "team-tourn"]
[EventCountry "GRE"]
[SourceTitle "playchess.com"]
[Source "ChessBase"]
[SourceQuality "1"]
[WhiteTeam "Ireland"]
[BlackTeam "Norway"]
[WhiteTeamCountry "IRL"]
[BlackTeamCountry "NOR"]
[TimeControl "40/5400+30:1800+30"]

1. e4 c6 2. c4 d5 3. exd5 cxd5 4. cxd5 Qxd5 5. Nc3 Qd8 6. d4 e6 7. Nf3 Nc6 8. Bc4 Nf6 9. a3 h6 10. O-O Be7 11. Re1 O-O 12. Bf4 a6 13. d5 exd5 14. Nxd5 Nxd5 15. Bxd5 Bf6 16. Qd2 Nd4 17. Rad1 Qxd5 18. Nxd4 Bg4 19. f3 Rad8 20. Re4 Bf5 21. Nxf5 Qxf5 22. Bd6 Rd7 23. Qc2 Be7 24. Bxe7 Rxe7 25. Rdd4 Rc8 26. Rc4 Rxc4 27. Qxc4 Rxe4 28. Qxe4 Qc5+ 29. Kf1 Qc1+ 30. Qe1 Qc4+ 31. Qe2 Qc6 32. Kf2 a5 33. Qe4 Qb6+ 34. Kg3 Kf8 35. b4 axb4 36. Qxb4+ Qxb4 37. axb4 Ke7 38. Kf4 Kd6 39. Ke4 Kc6 40. Kd4 Kb5 41. Kc3 Ka4 42. h4 g6 43. g4 g5 44. hxg5 hxg5 45. Kc4 b6 46. Kc3 b5 47. Kd4 0-1

[Event "World Senior chT-65 2019"]
[Site "Rhodes"]
[Date "2019.04.23"]
[Round "8.3"]
[White "Rashkovsky, Nukhim N"]
[Black "Sharif, Mehrshad"]
[Result "1/2-1/2"]
[ECO "D37"]
[WhiteElo "2488"]
[BlackElo "2331"]
[Annotator "RC"]
[PlyCount "43"]
[EventDate "2019.04.16"]
[EventType "team-tourn"]
[EventCountry "GRE"]
[SourceTitle "playchess.com"]
[Source "ChessBase"]
[SourceQuality "1"]
[WhiteTeam "Russia"]
[BlackTeam "France"]
[WhiteTeamCountry "RUS"]
[BlackTeamCountry "FRA"]
[TimeControl "40/5400+30:1800+30"]

1. d4 d5 2. Nf3 Nf6 3. c4 e6 4. e3 Nbd7 5. Nc3 a6 6. a4 b6 7. cxd5 exd5 8. Ne5 Bb7 9. f4 Bb4 10. Bd3 O-O 11. O-O c5 12. Bd2 Qe7 13. Be1 cxd4 14. exd4 Ne4 15. Qb3 Bxc3 16. bxc3 Rac8 17. Rf3 Nxe5 18. fxe5 Rc6 19. Qxd5 Rxc3 20. Qa2 Rc7 21. Qe2 Qd7 22. Qe3 1/2-1/2

[Event "World Senior chT-65 2019"]
[Site "Rhodes"]
[Date "2019.04.23"]
[Round "8.6"]
[White "Vogt, Lothar"]
[Black "Berkovich, Mark A"]
[Result "1/2-1/2"]
[ECO "B19"]
[WhiteElo "2362"]
[BlackElo "2332"]
[Annotator "NA RC"]
[PlyCount "41"]
[EventDate "2019.04.16"]
[EventType "team-tourn"]
[EventCountry "GRE"]
[SourceTitle "playchess.com"]
[Source "ChessBase"]
[SourceQuality "1"]
[WhiteTeam "Germany"]
[BlackTeam "Israel"]
[WhiteTeamCountry "GER"]
[BlackTeamCountry "ISR"]
[TimeControl "40/5400+30:1800+30"]

1. e4 c6 2. d4 d5 3. Nd2 dxe4 4. Nxe4 Bf5 5. Ng3 Bg6 6. h4 h6 7. Nf3 Nd7 8. h5 Bh7 9. Bd3 Bxd3 10. Qxd3 e6 11. Bd2 Ngf6 12. O-O-O Be7 13. Ne4 Nxe4 14. Qxe4 Nf6 15. Qe2 Qd5 16. c4 Qe4 17. Qxe4 Nxe4 18. Be3 f5 19. Nd2 Nxd2 20. Rxd2 Kf7 21. Kc2 1/2-1/2

[Event "World Senior chT-65 2019"]
[Site "Rhodes"]
[Date "2019.04.23"]
[Round "8.7"]
[White "Maryasin, Boris"]
[Black "Kiefer, Gerhard"]
[Result "1-0"]
[ECO "B26"]
[WhiteElo "2297"]
[BlackElo "2279"]
[Annotator "NA RC"]
[PlyCount "49"]
[EventDate "2019.04.16"]
[EventType "team-tourn"]
[EventCountry "GRE"]
[SourceTitle "playchess.com"]
[Source "ChessBase"]
[SourceQuality "1"]
[WhiteTeam "Israel"]
[BlackTeam "Germany"]
[WhiteTeamCountry "ISR"]
[BlackTeamCountry "GER"]
[TimeControl "40/5400+30:1800+30"]

1. e4 c5 2. Nc3 Nc6 3. g3 g6 4. Bg2 Bg7 5. d3 d6 6. Be3 e6 7. Qd2 Rb8 8. Nf3 Nd4 9. Bxd4 cxd4 10. Nb5 e5 11. Qb4 Bf8 {[%emt 0:00:17] B26: Closed Sicilian: 3 g3, lines with early Be3} 12. Nxa7 Bd7 13. Nb5 Qb6 14. a4 d5 $146 ({Predecessor:} 14... Ra8 15. O-O Nf6 16. c3 dxc3 17. bxc3 Be7 18. c4 O-O 19. Nxe5 {1-0 (33) Narciso Dublan,M (2467)-Blanco Acevedo,C (2345) Linares 2017}) 15. Qb3 Qa5+ 16. Ke2 dxe4 17. Nxe5 Be6 18. Nc4 Qd8 19. Rhe1 Nf6 20. Kf1 e3 21. fxe3 dxe3 22. Qc3 Bh6 23. Qb4 Ng4 24. Nbd6+ $18 Kd7 25. Nb6+ 1-0

[Event "World Senior chT-65 2019"]
[Site "Rhodes"]
[Date "2019.04.23"]
[Round "8.8"]
[White "Buchal, Stephan"]
[Black "Lederman, Leon"]
[Result "1/2-1/2"]
[ECO "A11"]
[WhiteElo "2283"]
[BlackElo "2281"]
[Annotator "ChessBase"]
[PlyCount "112"]
[EventDate "2019.04.16"]
[EventType "team-tourn"]
[EventCountry "GRE"]
[SourceTitle "playchess.com"]
[Source "ChessBase"]
[SourceQuality "1"]
[WhiteTeam "Germany"]
[BlackTeam "Israel"]
[WhiteTeamCountry "GER"]
[BlackTeamCountry "ISR"]
[TimeControl "40/5400+30:1800+30"]

1. c4 c6 2. g3 d5 3. Nf3 Nf6 4. Bg2 Bf5 5. O-O e6 6. cxd5 exd5 7. d3 Be7 8. Nc3 O-O 9. Qb3 Qb6 10. Qc2 Nbd7 11. e4 dxe4 12. dxe4 Be6 13. Be3 Qa5 14. h3 Rfe8 15. b3 Nf8 16. Rad1 h6 17. Nd4 Bd7 18. f4 Bb4 19. Nde2 Bf5 20. Bd4 Bd7 21. e5 N6h7 22. Ne4 Bf5 23. g4 Bxe4 24. Bxe4 Rad8 25. Kg2 Qa6 26. Bb2 c5 27. Nc3 Bxc3 28. Bxc3 c4 29. b4 b5 30. a4 bxa4 31. Ra1 a3 32. Qc1 Nf6 33. Rxa3 Qb6 34. Bf3 Nd5 35. Be1 Qd4 36. Bg3 Ne6 37. f5 Nef4+ 38. Kh2 Nd3 39. Qa1 Ne3 40. Rb1 Nxe5 41. Bxe5 Qxe5+ 42. Qxe5 Rxe5 43. Kg3 Re7 44. Kf4 Rd4+ 45. Kg3 g5 46. fxg6 fxg6 47. Rc1 g5 48. Rca1 Kf7 49. Rxa7 c3 50. Rxe7+ Kxe7 51. Kf2 Nc4 52. Rc1 Rd2+ 53. Ke1 Rd3 54. Be2 Rd4 55. Rxc3 Ne5 56. b5 Rb4 1/2-1/2

[Event "World Senior chT-65 2019"]
[Site "Rhodes"]
[Date "2019.04.23"]
[Round "8.9"]
[White "Gudmundsson, Kristjan"]
[Black "Bellin, Robert"]
[Result "0-1"]
[ECO "B57"]
[WhiteElo "2268"]
[BlackElo "2315"]
[Annotator "NA"]
[PlyCount "70"]
[EventDate "2019.04.16"]
[EventType "team-tourn"]
[EventCountry "GRE"]
[SourceTitle "playchess.com"]
[Source "ChessBase"]
[SourceQuality "1"]
[WhiteTeam "Iceland"]
[BlackTeam "England"]
[WhiteTeamCountry "ISL"]
[BlackTeamCountry "ENG"]
[TimeControl "40/5400+30:1800+30"]

1. Nf3 c5 2. e4 Nc6 3. d4 cxd4 4. Nxd4 Nf6 5. Nc3 d6 6. Bc4 Qb6 7. Ndb5 a6 8. Be3 Qa5 9. Nd4 Ne5 10. Bd3 {[%emt 0:09:15] B57: Classical Sicilian: Sozin with 6...Qb6} Nfg4 11. Qd2 Nxe3 12. Qxe3 e6 $146 ({Predecessor:} 12... g6 13. Nb3 Qd8 14. Nd5 Bg7 15. Qb6 Qxb6 16. Nxb6 Rb8 17. Be2 Nd7 18. Nxc8 Bxb2 19. Nxd6+ exd6 {0-1 (25) Prie,E (2335)-Benjamin,J (2545) Paris 1989}) 13. Nb3 Qc7 14. f4 Nxd3+ 15. cxd3 Bd7 16. Rc1 Qd8 17. O-O Be7 18. d4 O-O 19. Rfd1 Qb6 20. Rc2 Rac8 21. Re2 Rfe8 22. d5 Qxe3+ 23. Rxe3 e5 24. g3 b5 25. a3 Bd8 26. Kg2 Bb6 27. Red3 f5 28. fxe5 Rxe5 29. Nd2 Rce8 30. Re1 g5 31. h3 h5 $19 32. Nf3 Rxe4 33. Nxe4 fxe4 34. Rdd1 exf3+ 35. Kxf3 Rf8+ 0-1

[Event "World Senior chT-65 2019"]
[Site "Rhodes"]
[Date "2019.04.23"]
[Round "8.10"]
[White "Povah, Nigel E"]
[Black "Viglundsson, Bjorgvin"]
[Result "1/2-1/2"]
[ECO "D02"]
[WhiteElo "2319"]
[BlackElo "2170"]
[Annotator "NA RC"]
[PlyCount "65"]
[EventDate "2019.04.16"]
[EventType "team-tourn"]
[EventCountry "GRE"]
[SourceTitle "playchess.com"]
[Source "ChessBase"]
[SourceQuality "1"]
[WhiteTeam "England"]
[BlackTeam "Iceland"]
[WhiteTeamCountry "ENG"]
[BlackTeamCountry "ISL"]
[TimeControl "40/5400+30:1800+30"]

1. d4 d5 2. Bf4 Nf6 3. e3 e6 4. Nd2 Bd6 5. Bg3 b6 6. Ngf3 Bb7 7. Bb5+ c6 8. Bd3 c5 9. c3 O-O 10. Ne5 Nc6 11. f4 {[%emt 0:01:47] D02: 1 d4 d5 2 Nf3 sidelines, including 2...Nf6 3 g3 and 2...Nf6 3 Bf4} (11. O-O Qc7 12. f4 Ne7 13. Qb1 Qc8 14. Bh4 Nf5 15. Bxf5 exf5 16. Bxf6 gxf6 17. Nef3 Qe6 18. Re1 Ba6 19. Nh4 cxd4 20. exd4 {1-0 (28) Korobov,A (2692)-Dominguez Perez,L (2739) Doha 2016}) 11... Ne7 12. Qb1 a5 13. Bh4 Ng6 $146 ({Predecessor:} 13... Ra7 14. O-O Ng6 15. Bxf6 gxf6 16. Nxg6 fxg6 17. Bxg6 Bc8 18. Bh5 e5 {1-0 (61) Pham,L (2338)-Atalik,E (2422) Baku 2016}) 14. Bxf6 gxf6 15. Nxg6 fxg6 16. O-O f5 17. a4 Ba6 18. Bxa6 Rxa6 19. Qd3 c4 20. Qc2 Ra8 21. b3 cxb3 22. Qxb3 Rc8 23. Rfc1 Rc6 24. Ra2 Qc7 25. Rac2 Rc8 (25... g5 $5 26. g3 g4 $15) 26. Kf2 h6 27. g3 Kg7 28. Ke2 Kf6 29. Kd3 g5 30. c4 Bb4 $11 31. Nf3 Qb7 32. Ne5 R6c7 33. Rf2 {[%emt 0:01:03] Kxe5 [%emt 00:05:11] Ke4+ [%emt 00:00:18]} 1/2-1/2